 Dungeon Sprint DCSS version 0.19.4-9-g45fd643 (webtiles) character file.

19 equalderp2856 the Scratcher (level 2, -1/15 HPs)
             Began as a Felid Fighter on Feb 19, 2017.
             Was an Initiate of Gozag.
             Slain by a worker ant (8 damage)
             ... in the Dungeon (Sprint VII: "The Pits").
             The game lasted 00:00:28 (118 turns).

equalderp2856 the Scratcher (Felid Fighter)          Turns: 118, Time: 00:00:29

Health: -1/15      AC:  1    Str: 12    XL:     2   Next: 55%
Magic:  3/3        EV: 20    Int:  9    God:    Gozag
Gold:   54         SH:  0    Dex: 15    Spells: 0 memorised, 1 level left
                                        Lives:  0   Deaths: 0

rFire  . . .     SeeInvis +       - Unarmed
rCold  . . .     Gourm    .     (armour unavailable)
rNeg   . . .     Faith    .     (shield unavailable)
rPois  .         Spirit   .     (helmet unavailable)
rElec  .         Reflect  .     (cloak unavailable)
rCorr  .         Harm     .     (gloves unavailable)
MR     .....     NoTele   +     (boots unavailable)
Stlth  ++........               (no amulet)
                                (no ring)
                                (no ring)

@: quick
A: no armour, no weapons or thrown items, stealth, claws 1, fangs 3, see
invisible, carnivore 3, speed 1, shaggy fur 1, slow metabolism 1, sharp paws
a: Potion Petition, Call Merchant, Bribe Branch, Renounce Religion


You were in the Dungeon.
You worshipped Gozag.
Gozag was noncommittal.
You were not hungry.

You visited 1 branch You collected 54 gold pieces.

Inventory:

Scrolls
 h - a scroll of blinking
 j - 3 scrolls of remove curse
 k - 5 scrolls of amnesia
 l - a scroll of summoning
Potions
 a - a potion of might
 d - a potion of heal wounds
 e - a potion of haste
 f - 4 potions of magic
 g - 3 potions of berserk rage
 i - 2 potions of invisibility
Comestibles
 b - 8 meat rations


   Skills:
 + Level 3.7 Fighting
 + Level 5.0 Dodging
 + Level 5.7 Unarmed Combat


You had one spell level left.
You didn't know any spells.

Dungeon Overview and Level Annotations

Branches:
Dungeon (1/1)

Altars:
Ashenzari
Cheibriados
Dithmenos
Elyvilon
Fedhas
Gozag
Hepliaklqana
Kikubaaqudgha
Makhleb
Nemelex Xobeh
Okawaru
Qazlal
Ru
Sif Muna
Trog
Uskayaw
Vehumet
Xom
Yredelemnul
Zin
The Shining One
Beogh
Jiyva
Lugonu


Innate Abilities, Weirdness & Mutations

You cannot wear armour.
You are incapable of wielding weapons or throwing items.
Your paws allow you to move quietly. (Stealth)
You have sharp claws.
You have razor-sharp teeth.
You have supernaturally acute eyesight. (SInv)
You are carnivorous and can eat meat at any time.
You cover ground quickly.
You are covered in fur. (AC +1)
You have a slow metabolism.
Your sharp claws are effective at attacking unaware monsters.


Message History

You scratch the worker ant. You bite the worker ant.
The worker ant is moderately wounded.
The worker ant closely misses you.
You scratch the worker ant.
You claw the worker ant, but do no damage.
The worker ant is heavily wounded.
The worker ant completely misses you.
You closely miss the worker ant.
The worker ant is heavily wounded.
The worker ant barely misses you.
You scratch the worker ant but do no damage.
The worker ant is heavily wounded.
The worker ant bites you!
Ouch! That really hurt!
You barely miss the worker ant.
The worker ant is heavily wounded.
The worker ant bites you!
Ouch! That really hurt!
You die...
Your body crumbles into a pile of gold.

#__________#
#____#####'###########++
######)))#.##...........
#%?(.')))'.##......#..#.
##########.##...........
#..........)'...........
#+#####'#####......#..#.
#..#..##...........
+.@a.r#####'#####++
####+###.......#
#.......# #.......#
#...<...# #.......#
#.......# #.......#
#########


You could see a worker ant and a quokka.

Vanquished Creatures
  A gnoll (D)
  An adder (D)
2 creatures vanquished.

Notes
Turn   | Place    | Note
-------+----------+-------------------------------------------
     0 | D        | equalderp2856 the Felid Fighter began the quest for the Orb.
     0 | D        | Reached XP level 1. HP: 10/10 MP: 2/2
    16 | D        | Reached skill level 5 in Unarmed Combat
    16 | D        | Reached XP level 2. HP: 14/14 MP: 3/3
    45 | D        | Found a radiant altar of Vehumet.
    45 | D        | Found a hide-covered altar of Uskayaw.
    45 | D        | Found an ancient bone altar of Kikubaaqudgha.
    45 | D        | Found a viscous altar of Jiyva.
    45 | D        | Found a hazy altar of Hepliaklqana.
    46 | D        | Found a bloodstained altar of Trog.
    46 | D        | Found a deep blue altar of Sif Muna.
    46 | D        | Found a sacrificial altar of Ru.
    46 | D        | Found a stormy altar of Qazlal.
    46 | D        | Found an iron altar of Okawaru.
    46 | D        | Found a sparkling altar of Nemelex Xobeh.
    46 | D        | Found an opulent altar of Gozag.
    46 | D        | Found a blossoming altar of Fedhas.
    46 | D        | Found a white marble altar of Elyvilon.
    46 | D        | Found a shadowy altar of Dithmenos.
    46 | D        | Found a snail-covered altar of Cheibriados.
    47 | D        | Found a glowing golden altar of the Shining One.
    47 | D        | Found a glowing silver altar of Zin.
    49 | D        | Found a roughly hewn altar of Beogh.
    49 | D        | Found a burning altar of Makhleb.
    49 | D        | Found a basalt altar of Yredelemnul.
    50 | D        | Found a shattered altar of Ashenzari.
    50 | D        | Found a corrupted altar of Lugonu.
    50 | D        | Found a shimmering altar of Xom.
    58 | D        | Became a worshipper of Gozag Ym Sagoz the Greedy
    81 | D        | Reached skill level 5 in Dodging
   118 | D        | Slain by a worker ant

Skill      XL: |  1  2 |
---------------+-------+-----
Unarmed Combat | 5 |  5.7
Dodging        | 5 |  5.0
Fighting       | |  3.7

Action                   || total
-------------------------++-------
Melee: Unarmed           ||    16
       Bite              ||     2
       Punch             ||     1
  Use: Potion            ||     1
Dodge: Dodged            ||    14
